[Event "Romanian Team Blitz Open 2022"]
[Site "Sebes"]
[Date "2022.12.04"]
[Round "8.14"]
[White "Secheres, Adrian-Simion"]
[Black "Creanga, Robert-Ionut"]
[Result "1-0"]
[ECO "E11"]
[WhiteElo "2365"]
[BlackElo "2190"]
[Annotator "TA"]
[PlyCount "77"]
[EventDate "2022.12.04"]
[EventType "blitz"]
[EventCountry "ROU"]
[SourceTitle "playchess.com"]
[Source "ChessBase"]
[SourceQuality "1"]
[TimeControl "180+2"]

1. d4 Nf6 2. c4 e6 3. Nf3 Bb4+ 4. Bd2 Qe7 5. g3 Nc6 6. Nc3 d5 7. Bg2 {[%emt 0:00:16] E11: Bogo-Indian.} dxc4 {[%emt 0:00:14] is now more promising than 7...0-0.} 8. O-O O-O 9. a3 {[%emt 0:00:04][%mdl 1024] White has compensation. The position is equal.} Bd6 {[%emt 0:00:16] [#]} 10. e4 $146 ({Predecessor:} 10. Qa4 e5 11. d5 Nd4 12. Qxc4 c5 13. dxc6 Nxc6 14. Ng5 h6 15. Nge4 Nxe4 16. Bxe4 {½-½ (28) Andersson,M (2325)-Bjork,C (2310) Sweden 1993}) 10... e5 11. Bg5 Bg4 12. Nd5 Qd8 13. Bxf6 gxf6 14. h3 (14. dxe5 $11 Nxe5 15. Qe2) 14... Bxf3 $17 15. Qxf3 Nxd4 ({Much weaker is} 15... exd4 16. Rac1 $11) 16. Qh5 c6 17. Ne3 b5 18. Rad1 Kh8 19. Ng4 Rg8 20. Nh6 {[%emt 0:00:00] [#]} Qe7 21. Nxf7+ $11 Kg7 22. Nh6 Qe8 (22... Kh8 {simplifies} 23. Nxg8 Rxg8 24. h4 Bc5) 23. Qxe8 {[%emt 0:00:00] Dancing on a razor blade.} (23. Qh4 {seems wilder.} Qe6 24. Nxg8 Rxg8 25. Qh5) 23... Rgxe8 {[%emt 0:00:05] [#]} (23... Raxe8 {simplifies} 24. Nf5+ Nxf5 25. exf5 Bc5) 24. Rxd4 $1 {[%emt 0:00:00][%mdl 64] Remove Defender} exd4 25. Nf5+ Kg6 (25... Kf8 $11 26. Nxd6 Re6) 26. Nxd6 $14 Red8 27. Nb7 {[%emt 0:00:00] White is more active.} Rd7 28. Nc5 Re7 29. f4 Rd8 {[%emt 0:00:02] Inhibits e5.} 30. Kf2 c3 {[%emt 0:00:03] [#]} 31. bxc3 (31. Bf3 $142 $1) 31... dxc3 $16 32. Ke3 {[%emt 0:00:00] Hoping for Rc1.} Rd2 33. Bf3 {[%emt 0:00:00] Strongly threatening Rc1.} a5 (33... Ra2 $142) 34. e5 fxe5 35. Be4+ Kg7 (35... Kf6 $14) 36. f5 {[%emt 0:00:00] Threatens to win with f6+.} Kf6 (36... Kh8 $16) 37. Bxc6 $18 {[%emt 0:00:00] Black must now prevent Ne4+.} Rh2 $2 (37... Rd4) 38. Ne4+ Kf7 39. Bd5+ {[%emt 0:00:00] Weighted Error Value: White=0.12 (very precise) /Black=0.30} ({Less strong is} 39. Bxb5 Rc7 40. Rc1 c2 $18) 1-0

[Event "Romanian Team Blitz Open 2022"]
[Site "Sebes"]
[Date "2022.12.04"]
[Round "8.15"]
[White "Butolo, Alexandru-Mircea"]
[Black "Nastore, Pavel-Alexandru"]
[Result "0-1"]
[ECO "A45"]
[WhiteElo "2043"]
[BlackElo "2218"]
[Annotator "TA"]
[PlyCount "60"]
[EventDate "2022.12.04"]
[EventType "blitz"]
[EventCountry "ROU"]
[SourceTitle "playchess.com"]
[Source "ChessBase"]
[SourceQuality "1"]
[TimeControl "180+2"]

1. d4 Nf6 2. Bf4 c5 3. e3 Qb6 4. Na3 d6 5. dxc5 Qxc5 (5... Qxb2 $17 6. Nb5 Qb4+ 7. Qd2 Qxc5) 6. Nf3 $15 {[%emt 0:00:02] A45: Trompowsky Attack.} g6 7. c3 Bg7 8. Be2 {[%emt 0:00:02] Black is slightly better.} O-O 9. h3 {[%emt 0:00:02] [#]} a6 $146 ({Predecessor:} 9... Nd5 10. Qd3 Bf5 11. Qd2 Nxf4 12. exf4 e5 13. Nc4 exf4 14. Qxf4 d5 15. Ncd2 Re8 {½-½ (47) Alameda Arellano,C (1564)-Marin Aso,J (1915) Madrid 2019}) 10. O-O Qc7 (10... Nbd7 $5) 11. Qc2 Bf5 12. Qb3 Nbd7 13. Nd4 Nc5 14. Qd1 Bd7 15. Bh2 Rac8 16. f3 e5 $36 {[%emt 0:00:02][%mdl 2048] Keeping White busy.} 17. Nb3 Be6 18. Kh1 Rfd8 19. Nxc5 Qxc5 20. Bg1 Nh5 {[%emt 0:00:02] Threatens to win with ...Ng3+. Black is much more active.} 21. Kh2 {[%emt 0:00:02] Inhibits Ng3.} Qc7 22. e4 $2 {[%emt 0:00:02] This move loses the game for White.} (22. g4 $17 Nf6 23. Bf2) 22... d5 23. Qe1 Bh6 {[%emt 0:00:02] [#] Strongly threatening ...Bf4+.} 24. g3 {[%emt 0:00:02] Prevents Bf4.} (24. Kh1 $142) 24... dxe4 $19 25. fxe4 Rd2 26. Rf2 Rxb2 27. Bxh5 Rxf2+ (27... Qxc3 $2 {too greedy.} 28. Qxc3 Rxf2+ 29. Bxf2 $19) 28. Qxf2 $2 {[#]} (28. Bxf2 gxh5 29. Nc2) 28... gxh5 {[%emt 0:00:02] Black is clearly winning.} 29. Qf6 Bg7 {[%emt 0:00:02] A strong pair of Bishops.} 30. Qg5 Qxc3 {[%emt 0:00:02] Weighted Error Value: White=0.50/Black=0.17 (very precise)} 0-1

[Event "Romanian Team Blitz Open 2022"]
[Site "Sebes"]
[Date "2022.12.04"]
[Round "8.16"]
[White "Ciorgovean, Iustin"]
[Black "Prelipcean, Eric-Matei"]
[Result "1/2-1/2"]
[ECO "B38"]
[WhiteElo "2319"]
[BlackElo "1909"]
[Annotator "TA"]
[PlyCount "92"]
[EventDate "2022.12.04"]
[EventType "blitz"]
[EventCountry "ROU"]
[SourceTitle "playchess.com"]
[Source "ChessBase"]
[SourceQuality "1"]
[TimeControl "180+2"]

1. c4 c5 2. Nf3 Nf6 3. Nc3 g6 4. e4 Nc6 5. d4 cxd4 6. Nxd4 d6 7. f3 Bg7 8. Be3 O-O 9. Be2 Nxd4 10. Bxd4 Nd7 11. O-O Bxd4+ 12. Qxd4 Qb6 13. Qxb6 {[%emt 0:00:11] B38: Sicilian: Maroczy Bind with 5...Bg7 and 7...0-0.} Nxb6 14. Rac1 Be6 15. b3 {[%emt 0:00:05][%cal Bb2b3,Bb3b4,Bb4c5][%mdl 32] The position is equal.} a5 16. Nd5 Bxd5 17. exd5 (17. cxd5 $5 Rac8 18. Kf2 $14) 17... Rfc8 {[%emt 0:00:07] [#]} 18. Kf2 $146 ({Predecessor:} 18. Rfd1 Rc7 19. Kf2 Rac8 20. h4 Nd7 21. Rb1 Kg7 22. Rh1 {½-½ (22) Hassemeier,M (2095)-Koll,L (2060) Wiesbaden 2022}) 18... Rc7 19. Ke3 a4 20. b4 Rac8 21. Kd4 e5+ 22. dxe6 fxe6 23. c5 dxc5+ (23... Kf7 {keeps more tension.} 24. Rc2 Rd8 25. Ke4 dxc5 26. bxc5 Rd5) 24. Rxc5 Rxc5 25. bxc5 $15 {[%emt 0:00:01][%mdl 4096] Endgame KRB-KRN} Rd8+ (25... e5+ $1 $11 26. Kxe5 Rxc5+ 27. Kd4 Rd5+ 28. Ke3 Rd6) 26. Ke4 (26. Ke5 $5 Rd5+ 27. Kxe6 Rxc5 28. Rd1 $14) 26... Nd5 27. Bc4 {[%emt 0:00:05] next Ke5 is good for White.} Kf7 28. Ke5 Rc8 {[%emt 0:00:21] [#]} (28... Nb4 $1 $11 29. Re1 (29. Bxe6+ Ke7 $17) 29... Nd3+ 30. Bxd3 Rxd3) 29. Rb1 $1 $16 Rxc5 30. Rxb7+ Ne7+ 31. Kd4 Rc6 32. a3 {[%emt 0:00:03] White is much more active.} (32. Ra7 $142) 32... Kf6 {[%emt 0:00:01] Strongly threatening ...Nf5+.} 33. Ra7 Nf5+ {[%emt 0:00:02] [#]} 34. Kd3 (34. Kc3 $1 $16) 34... Nh4 $11 35. Rxa4 {[%emt 0:00:16] Threatens to win with Bb5.} Nxg2 36. Ra7 Ne1+ 37. Ke2 Nxf3 38. Kxf3 {[%emt 0:00:03] Be2 is the strong threat.} Rxc4 39. Rxh7 $15 {[%emt 0:00:02] KR-KR} Rc3+ 40. Kg4 Rxa3 41. h4 Ra4+ 42. Kg3 e5 43. Rh8 Kf5 44. h5 gxh5 45. Rxh5+ Ke6 46. Kf3 (46. Rh1 $11) 46... e4+ {Weighted Error Value: White=0.15 (very precise) /Black=0.09 (flawless)} ({Black should try} 46... Kd5 $15) 1/2-1/2

[Event "Romanian Team Blitz Open 2022"]
[Site "Sebes"]
[Date "2022.12.04"]
[Round "8.17"]
[White "Stanca, Adrian"]
[Black "Nastase, Robert-Paul"]
[Result "1-0"]
[ECO "A05"]
[WhiteElo "2182"]
[BlackElo "2229"]
[Annotator "TA"]
[PlyCount "61"]
[EventDate "2022.12.04"]
[EventType "blitz"]
[EventCountry "ROU"]
[SourceTitle "playchess.com"]
[Source "ChessBase"]
[SourceQuality "1"]
[TimeControl "180+2"]

1. Nf3 Nf6 2. g3 g6 3. Bg2 Bg7 4. O-O O-O 5. d3 b6 6. Ne5 {[%emt 0:00:00] A05: Réti Opening: 1 Nf3 Nf6.} c6 {[%emt 0:00:04] [#]} 7. d4 $146 ({Predecessor:} 7. c4 Bb7 8. Nc3 d6 9. Nf3 Nbd7 10. Rb1 c5 11. a3 e5 12. b4 Re8 13. Bb2 {1-0 (63) Navalgund,N (2289)-Giroyan,G (2403) Chess.com INT 2021}) 7... Qc7 8. c4 {[%emt 0:00:00][%cal Bc2c4,Bc4d5][%mdl 32] The position is equal.} d6 9. Nd3 e5 10. d5 cxd5 11. cxd5 Nfd7 (11... e4 $5 12. Nb4 a5 $11) 12. Nc3 f5 $2 (12... Nc5 $11) 13. Bg5 {[%emt 0:00:00] White stays focused until the end.} (13. Nb5 $16 Qd8 14. Nxd6) 13... e4 $2 {[%emt 0:00:12] [#]} (13... Nc5 $1 $11 {and Black stays safe.}) 14. Nb5 $1 $18 Qc4 15. Nxd6 Qxd5 16. Nf4 Qxd1 17. Raxd1 {[%emt 0:00:00] Black must now prevent Ne6.} Bxb2 $2 (17... Ne5 18. Be7 Nbc6) 18. Ne6 {[%emt 0:00:00][%mdl 64] [#] Trapped Piece} Ba6 {[%emt 0:00:08] Inhibits f3.} 19. Nc7 {[%emt 0:00:00][%cal Of1e1] aiming for Rfe1!} Bxe2 20. Nxa8 {[%emt 0:00:00][%cal Og5e7] Threatens to win with Be7!} Na6 21. Nxe4 fxe4 $2 (21... Bxd1 {is a better chance.} 22. Rxd1 fxe4) 22. Rxd7 Bxf1 23. Bxf1 Nc5 24. Rd8 Rxd8 25. Bxd8 Kf7 26. Nc7 a5 (26... Nd3 $142 27. Bh3 Bd4) 27. Bc4+ {[%emt 0:00:01] White is clearly winning.} Kf8 28. Ne6+ Nxe6 29. Bxe6 Bd4 30. Kf1 Ke8 31. Bg5 {[%emt 0:00:02] Weighted Error Value: White=0.34/Black=0.63} 1-0

[Event "Romanian Team Blitz Open 2022"]
[Site "Sebes"]
[Date "2022.12.04"]
[Round "8.18"]
[White "Daianu, Cristian-Clement"]
[Black "Coicev, Matei-Andrei"]
[Result "0-1"]
[ECO "B45"]
[WhiteElo "2189"]
[BlackElo "2009"]
[Annotator "TA"]
[PlyCount "96"]
[EventDate "2022.12.04"]
[EventType "blitz"]
[EventCountry "ROU"]
[SourceTitle "playchess.com"]
[Source "ChessBase"]
[SourceQuality "1"]
[TimeControl "180+2"]

1. e4 c5 2. Nf3 e6 3. d4 cxd4 4. Nxd4 Nf6 5. Nc3 Nc6 6. Be2 Bb4 7. O-O O-O 8. Qd3 Bxc3 {[%emt 0:00:12] B45: Sicilian Four Knights.} 9. bxc3 e5 (9... d5 {with more complications.} 10. exd5 exd5 11. Bg5 Re8) 10. Nb5 (10. Nxc6 {simplifies} dxc6 11. Qxd8 Rxd8 12. f3) 10... d5 {[%emt 0:00:06] White has an edge.} 11. exd5 Qxd5 {[%emt 0:00:05] [#]} 12. Nc7 $146 (12. Qg3 {is interesting.} Qe4 13. Bd3 Qg4 14. Qxg4 Bxg4 15. f3) ({Predecessor:} 12. Qg3 Qe4 13. Bg5 Qxe2 14. Bxf6 Qg4 15. Bxe5 Nxe5 16. Qxe5 Qf5 17. Rfe1 Qxe5 18. Rxe5 {½-½ (45) Renet,O (2564)-Gaertner,G (2378) Switzerland 2004}) 12... Qxd3 13. cxd3 Rb8 14. Rb1 h6 (14... Bf5 $15) 15. Bf3 (15. f4 $11) 15... Bf5 $15 16. Rd1 Rfc8 (16... Rfd8 $5 17. Rb2 Rbc8 18. Rxb7 Bxd3 19. Bxc6 Be4 $17) 17. Nb5 (17. Nd5 $11 {keeps the balance.}) 17... Rd8 $17 18. Be2 a6 19. Na3 Nd5 20. Bd2 Nf6 ({Black should try} 20... b5 $15) 21. Be1 (21. Bc1 $11 {was preferrable.}) 21... b5 (21... Nd7 $5 ) 22. Rbc1 Rbc8 (22... Nd5 $5 23. Bf3 Nde7 $17) 23. Nc2 Nd5 24. Ne3 {[%emt 0:00:02] White is now going downhill.} (24. g3 $15) 24... Nf4 $1 $36 {[%emt 0:00:01][%csl LRd3,LRe2][%mdl 2048] Black has strong initiative.} 25. Bf1 Bxd3 {[%emt 0:00:01][%cal Bf5d3,Bd3e2,Be2c4][%mdl 32] Black is much more active. The white rooks are badly placed.} 26. g3 (26. a4 $17) 26... Ne2+ 27. Bxe2 Bxe2 28. Rxd8+ Rxd8 29. f4 exf4 30. gxf4 Na5 {[%emt 0:00:13] Prevents a4.} 31. Kf2 Bc4 32. Kf3 Bd5+ ({Don't do} 32... Bxa2 33. Ra1 $16) 33. Kg3 {[%emt 0:00:03] [#] aiming for Rd1.} Nc4 34. Ng4 (34. Bf2 {might work better.}) 34... Be6 {[%emt 0:00:04] And now ...Rd3+ would win.} 35. Bf2 $2 (35. Ne5) 35... Bxg4 36. Kxg4 $19 {[%emt 0:00:00][%mdl 4096] Endgame KRB-KRN} Rd2 37. Bd4 Rxh2 38. a3 h5+ (38... Nxa3 $2 39. Ra1 b4 40. cxb4 $19) 39. Kg5 (39. Kg3 $142 Ra2 40. Kh4) 39... f6+ (39... Nxa3 $2 40. Ra1 b4 41. cxb4 $19) 40. Kf5 Kf7 {[%emt 0:00:01][%cal Rc4d6] [#]} (40... Nxa3 $2 {loses.} 41. Ra1 b4 42. cxb4 $19) 41. Ke4 Re2+ (41... Nxa3 $2 {perishes.} 42. Ra1 Nc4 43. Rxa6 $19) 42. Kd5 (42. Kf3 {was worth a try.} Rh2 43. Ra1) 42... h4 43. a4 h3 44. axb5 axb5 45. Kc5 h2 {[%emt 0:00:02] Hoping for ...Nd2.} 46. Kxb5 Nd2 47. c4 Nb3 48. Rh1 Nxd4+ {[%emt 0:00:01] Weighted Error Value: White=0.63/Black=0.21 (precise)} 0-1

[Event "Romanian Team Blitz Open 2022"]
[Site "Sebes"]
[Date "2022.12.04"]
[Round "8.19"]
[White "Danila, Tudor-Gabriel"]
[Black "Vrencian, Lehel"]
[Result "0-1"]
[ECO "B22"]
[WhiteElo "1939"]
[BlackElo "2226"]
[Annotator "TA"]
[PlyCount "62"]
[EventDate "2022.12.04"]
[EventType "blitz"]
[EventCountry "ROU"]
[SourceTitle "playchess.com"]
[Source "ChessBase"]
[SourceQuality "1"]
[TimeControl "180+2"]

1. e4 c5 2. c3 Nf6 3. e5 Nd5 4. d4 cxd4 5. Nf3 d6 6. cxd4 Nc6 7. Bc4 dxe5 8. Bxd5 Qxd5 9. Nc3 Qd6 {[%emt 0:00:01][%cal Re5d4] B22: Sicilian: 2 c3.} 10. d5 Nd4 ({Much less strong is} 10... e4 11. Nxe4 Qb4+ 12. Nc3 $16) 11. Nxd4 exd4 {[%emt 0:00:01] The position is equal.} 12. Qxd4 {[%emt 0:00:01] Hoping for Nb5.} e5 13. Qd3 Bd7 14. O-O Qg6 {[%emt 0:00:02] Against f4 14...Be7 is setting a new trend.} 15. Qe2 Bd6 16. Ne4 (16. f4 {is interesting.} O-O 17. fxe5 Rfe8 18. Bf4) 16... O-O 17. Nxd6 Qxd6 18. Rd1 f5 {[%emt 0:00:10][%cal Bf7f5,Bf5f4][%mdl 32] [#]} 19. b3 $146 ({Predecessor:} 19. Bd2 f4 20. Rac1 Rae8 21. Qc4 Qg6 22. Kh1 e4 23. Bb4 Rc8 24. Qd4 Bh3 25. g3 Qh5 26. Qxe4 Rce8 27. Qd3 Re3 {0-1 (27) Sveshnikov,V (2398)-Ladva,O (2510) Parnu 2016}) 19... e4 (19... f4 $15) 20. a4 {[%emt 0:00:07] Strongly threatening Ba3.} Qg6 21. Ba3 {[%emt 0:00:01] [#] Against f4} (21. Bf4 $14 {stays ahead.}) 21... Rf7 (21... f4 $1 $17 {[%cal Rf4f3] aiming for ...f3.} 22. Bxf8 f3) 22. Rac1 (22. Re1 $11) 22... f4 $17 {[%emt 0:00:04] ...f3 is the strong threat.} 23. g3 $2 {[%emt 0:00:11] White does not recover from this.} (23. Kh1 $17) 23... Bg4 $19 24. Qb5 (24. Qc2 Bxd1 25. Rxd1) 24... Bxd1 25. Rxd1 e3 26. Qc4 exf2+ 27. Kg2 fxg3 28. hxg3 Qh5 29. Qd3 {[%emt 0:00:01] Inhibits Qf3+.} Re8 {[%emt 0:00:00] ( -> ...Re1)} 30. d6 Re1 31. d7 Qh1# {[%emt 0:00:00] Weighted Error Value: White=1.21/Black=0.10 (very precise)} 0-1

[Event "Romanian Team Blitz Open 2022"]
[Site "Sebes"]
[Date "2022.12.04"]
[Round "8.20"]
[White "Craciun, Sasha-Matei"]
[Black "Mainescu, Andrei-Cristian"]
[Result "1/2-1/2"]
[ECO "B77"]
[WhiteElo "2001"]
[BlackElo "1860"]
[Annotator "TA"]
[PlyCount "77"]
[EventDate "2022.12.04"]
[EventType "blitz"]
[EventCountry "ROU"]
[SourceTitle "playchess.com"]
[Source "ChessBase"]
[SourceQuality "1"]
[TimeControl "180+2"]

1. e4 c5 2. Nf3 d6 3. d4 cxd4 4. Nxd4 Nf6 5. Nc3 g6 6. Be3 Bg7 7. f3 O-O 8. Qd2 Nc6 9. Bc4 Nxd4 10. Bxd4 Be6 11. Bxe6 fxe6 12. O-O-O Qa5 13. Kb1 {[%emt 0:00:04] B77: Sicilian Dragon: Yugoslav Attack, 9 Bc4 sidelines.} Rac8 14. h4 (14. f4 {simplifies} e5 15. fxe5 dxe5 16. Be3) 14... Rc4 15. Bxf6 ({White should play} 15. Qe2 $14 Rfc8 16. e5 dxe5 17. Bxe5) 15... Bxf6 $11 16. Nd5 {[%emt 0:00:01] Against Qb6} Qxd2 17. Nxf6+ {[%emt 0:00:01] [#]} Rxf6 $146 ({Predecessor:} 17... Kf7 18. Rxd2 Kxf6 19. Rd3 Rfc8 20. c3 h5 21. Re1 R4c5 22. g3 Rg8 23. f4 e5 24. fxe5+ Rxe5 {½-½ (40) Lipiak,M (1642)-Kabacinski,K (1505) Suwalki 2015}) 18. Rxd2 {[%emt 0:00:01][%mdl 4096] Endgame KRR-KRR} a6 19. h5 Rc5 20. hxg6 Rxg6 21. c3 Kg7 22. Kc2 Rcg5 23. Rh2 h6 24. c4 b5 25. cxb5 Rxb5 26. Rd4 Rbg5 27. g4 Rf6 28. Rh3 Rc5+ 29. Kd2 Rf8 30. Ra4 a5 31. Rh5 {[%emt 0:00:03] [#] Strongly threatening Rxc5.} e5 32. Rf5 (32. Ke3 $11 {remains equal.}) 32... Rb8 $17 33. b3 Rbc8 34. Ke1 (34. Ke2 $17) 34... Rc1+ $19 35. Kf2 R8c2+ 36. Kg3 $2 {[%emt 0:00:01][%mdl 8192] [#]} (36. Ke3 $17) 36... Rg1+ 37. Kh3 Rh1+ (37... Rgg2 $142 38. f4 Rge2 39. Kh4 Rc3 40. Rg5+ Kf6 41. Rf5+ Kg6 42. Rf6+ exf6 43. f5+ Kf7 44. g5 Rh2+ 45. Kg4 h5#) 38. Kg3 Rg1+ (38... e6 $19 39. Rxe5 dxe5 40. Rxa5 Rg1+ 41. Kh3 Rf2 42. Rc5 Kf6 43. Rc8 Rgg2 44. Rf8+ Kg5 45. f4+ exf4 46. Rg8+ Kf6 47. g5+ Ke5 48. gxh6 Rxg8 49. a4 Rg3+ 50. Kh4 Rh2#) 39. Kh3 {[%emt 0:00:01][%mdl 32768] Weighted Error Value: White=0.55/Black=0.54. An unexpected result.} 1/2-1/2

[Event "Romanian Team Blitz Open 2022"]
[Site "Sebes"]
[Date "2022.12.04"]
[Round "8.21"]
[White "Macarie, Maia-Elisabeta"]
[Black "Dragomirescu, Robin-Alexandru"]
[Result "0-1"]
[ECO "D02"]
[WhiteElo "1100"]
[BlackElo "2337"]
[Annotator "TA"]
[PlyCount "96"]
[EventDate "2022.12.04"]
[EventType "blitz"]
[EventCountry "ROU"]
[SourceTitle "playchess.com"]
[Source "ChessBase"]
[SourceQuality "1"]
[TimeControl "180+2"]

1. d4 a6 2. Bf4 d5 3. Nf3 c5 4. c3 Nf6 5. e3 {[%emt 0:00:01] [#]} Nh5 $146 ({Predecessor:} 5... cxd4 6. exd4 Nc6 7. Bd3 Bg4 8. Nbd2 g6 9. h3 Bxf3 10. Nxf3 Bg7 11. O-O O-O 12. a4 e6 13. Qe2 Rc8 14. Nd2 Nd7 15. Nb3 Re8 16. Rfd1 Qb6 17. Bc2 Bf8 18. a5 Qd8 19. Qf3 Qf6 20. Qg3 Be7 21. Re1 Qh4 22. Qe3 Bd8 23. Re2 Qf6 24. Qg3 Qh4 25. Qe3 Qf6 {½-½ (25) Pham,L (2341)-Vo,T (2319) Hanoi 2017}) 6. Bg3 {[%emt 0:00:01] D02: 1 d4 d5 2 Nf3 sidelines, including 2...Nf6 3 g3 and 2...Nf6 3 Bf4.} Nxg3 7. hxg3 Nc6 8. Nbd2 (8. dxc5 $14 e6 9. b4) 8... Bf5 (8... cxd4 $11 9. cxd4 Bf5) 9. Be2 (9. dxc5 $14 e5 10. Qa4) 9... h6 (9... e6 $11) 10. Qb3 (10. dxc5 $16 e5 11. Qa4) 10... Qd7 (10... e6 $11) 11. Nh4 Bh7 12. Nhf3 e6 13. Bd1 (13. c4 $11 {keeps the balance.}) 13... Be7 14. c4 ({White should play} 14. dxc5 $15 Bxc5 15. Bc2) 14... cxd4 $17 15. cxd5 dxe3 16. fxe3 {[%emt 0:00:28] This move loses the game for White.} (16. dxc6 $17 exd2+ 17. Nxd2 bxc6 18. Bc2) 16... exd5 $19 17. Bc2 Bxc2 18. Qxc2 Rc8 {[%emt 0:00:04] [#] ...Nb4 is the strong threat.} 19. Qd3 $2 (19. O-O) 19... Nb4 20. Qb3 Nc2+ 21. Kf2 Nxa1 22. Rxa1 O-O 23. Nd4 Bf6 24. N2f3 Bxd4 25. Nxd4 Rfe8 26. Re1 b5 27. Qd3 Qd6 28. Qf5 Rc4 29. Qf4 Qxf4+ 30. gxf4 {[%emt 0:00:02][%mdl 4096] Endgame KRR-KRN} g6 {[%emt 0:00:23][%cal Oc4d4] Strongly threatening ...Rxd4!} 31. Re2 Kg7 {[%emt 0:00:01][%cal Oc4d4] Hoping for ...Rxd4!} 32. Kf3 $2 {[%emt 0:00:01] [#]} (32. a3) 32... Rxd4 $1 33. exd4 (33. Kf2 Rde4) 33... Rxe2 34. Kxe2 {[%emt 0:00:02] KP-KP} h5 35. Kf3 Kf6 {[%emt 0:00:20] Threatens to win with ...Kf5.} 36. g3 Kf5 37. a3 a5 {[%emt 0:00:02] White must now prevent ...a4.} 38. b3 b4 {[%emt 0:00:02] Black mates.} 39. a4 f6 40. Kg2 Ke4 41. Kh3 Kxd4 42. Kg2 Ke3 43. Kf1 d4 44. f5 d3 45. fxg6 d2 46. g7 d1=Q+ (46... d1=B $2 47. g8=Q Bf3 48. Qc4 $18) 47. Kg2 Qf3+ 48. Kh3 Qh1# {[%emt 0:00:18] Weighted Error Value: White=0.73/Black=0.13 (very precise)} 0-1

[Event "Romanian Team Blitz Open 2022"]
[Site "Sebes"]
[Date "2022.12.04"]
[Round "8.22"]
[White "Ionescu, Mihai"]
[Black "Burja-Udrea, Razvan-Andrei"]
[Result "1-0"]
[ECO "E01"]
[WhiteElo "2243"]
[BlackElo "1365"]
[Annotator "TA"]
[PlyCount "111"]
[EventDate "2022.12.04"]
[EventType "blitz"]
[EventCountry "ROU"]
[SourceTitle "playchess.com"]
[Source "ChessBase"]
[SourceQuality "1"]
[TimeControl "180+2"]

1. Nf3 d5 2. d4 e6 3. c4 Nf6 4. g3 c6 5. Qc2 Be7 6. Bg2 Nbd7 7. O-O Nb6 {[%emt 0:00:07] E01: Catalan: Early deviations.} 8. b3 {[%emt 0:00:15] [#]} Bd7 $146 (8... Nbd7 $14) ({Predecessor:} 8... O-O 9. Nbd2 Re8 10. Rd1 Nbd7 11. e4 Nxe4 12. Nxe4 dxe4 13. Qxe4 Nf6 14. Qe2 Qc7 {1-0 (52) Le,T (1674)-Nguyen,Q (1875) Bac Giang 2018}) 9. c5 $16 Nc8 {[%emt 0:00:01] White is better.} 10. Bb2 b6 11. b4 a5 {[%emt 0:00:07] [#]} 12. a3 $1 axb4 13. axb4 Rxa1 14. Bxa1 bxc5 15. dxc5 Na7 16. Qa4 Nb5 17. Nc3 Nxc3 18. Bxc3 {[%emt 0:00:02] Black must now prevent Ne5.} O-O 19. Ra1 {[%emt 0:00:06][%cal Bf1a1,Ba1a7,Ba7d7,Bd7c7,Bc7c6,Bc6a6][%mdl 32] White is much more active.} Qc7 $2 {[%emt 0:00:02] This costs Black the game.} (19... Ne4 $11 20. Bb2 Qb8) 20. Qa7 $18 Qb8 21. Qxb8 Rxb8 22. Ra7 Kf8 23. Bxf6 Bxf6 24. Rxd7 Rxb4 25. Rc7 Ke8 26. Rxc6 Kd7 27. Ra6 Rb1+ 28. Bf1 Rc1 29. Ra7+ Ke8 30. Rc7 Bd8 31. Rc8 Kd7 32. Ra8 {[%emt 0:00:00] And now Ne5+ would win.} Rxc5 33. Ne5+ Ke7 {[%emt 0:00:00] [#]} 34. Nxf7 $1 Kxf7 (34... Bb6 35. Ne5) 35. Rxd8 {[%emt 0:00:00][%mdl 4096] Endgame KRB-KR} Rc7 36. e3 h6 37. Kg2 Ke7 38. Ra8 Rd7 39. Bd3 e5 40. f4 e4 41. Be2 Kd6 42. g4 g5 43. f5 Ke5 44. Re8+ Kf6 45. Re6+ Kg7 46. Kf2 Ra7 47. Rd6 Ra5 48. Rb6 Ra7 49. Rb5 Rd7 50. Bd1 Kf6 51. Bb3 Ke5 {[%emt 0:00:00] [#]} 52. Rxd5+ $1 {[%emt 0:00:03] White mates.} Rxd5 53. Bxd5 Kxd5 54. Ke2 Ke5 55. Kd2 h5 56. h3 {[%emt 0:00:01] Weighted Error Value: White=0.05 (flawless) /Black=0.34} 1-0